 Dungeon Crawl Stone Soup version 0.22-a0-354-g30dfbe6 (webtiles) character file.

29344 Amnesiac the Reanimator (level 13, 0/86 HPs)
             Began as a Mummy Necromancer on Apr 16, 2018.
             Was a High Priest of Sif Muna.
             Slain by an orc warlord
             ... wielding a +3 long sword of freezing
              (7 damage)
             ... on level 1 of the Orcish Mines.
             The game lasted 00:29:05 (15611 turns).

Amnesiac the Reanimator (Mummy Necromancer)        Turns: 15611, Time: 00:29:06

Health: 0/86       AC: 17    Str: 11    XL:     13   Next: 14%
Magic:  17/28      EV: 13    Int: 19    God:    Sif Muna [*****.]
Gold:   1016       SH: 11    Dex: 13    Spells: 7/34 levels left

rFire    + . .     SeeInvis .   a - +8 hunting sling (velocity)
rCold    + . .     Gourm    .   p - +0 shield
rNeg     + + +     Faith    .   A - +1 robe {rF+}
rPois    ∞         Spirit   .   D - +1 helmet of Xudyd {*Slow rElec MR++ Stlth+}
rElec    +         Reflect  .   r - +0 cloak
rCorr    .         Harm     .   h - +2 pair of gloves {archery}
MR       +++..                  (no boots)
Stlth    +++.......             y - amulet of magic regeneration
HPRegen  0.24/turn              g - ring of Robustness {AC+8}
MPRegen  0.46/turn              u - ring of protection from fire

@: slowed, divine energy, very slow
A: no food or potions, fire vulnerability, cold resistance 1, negative energy
resistance 3, torment resistance, unbreathing, in touch with death 1
a: Stop Divine Energy, Channel Magic, Forget Spell, Renounce Religion


You were on level 1 of the Orcish Mines.
You worshipped Sif Muna.
Sif Muna was extremely pleased with you.
You were not hungry.

You visited 3 branches of the dungeon, and saw 17 of its levels.
You also visited: Labyrinth.

You collected 1016 gold pieces.

Inventory:

Hand Weapons
 a - a +8 hunting sling of velocity (weapon)
 B - a +0 blowgun
 H - a +6 broad axe of electrocution
Missiles
 n - 199 stones (quivered)
 C - 10 curare-tipped needles
Armour
 h - a +2 pair of gloves of archery (worn)
 p - a +0 shield (worn)
 r - a +0 cloak (worn)
 A - a +1 robe of fire resistance (worn)
 D - the +1 helmet of Xudyd (worn) {*Slow rElec MR++ Stlth+}
   (You found it on level 11 of the Dungeon)

   It insulates you from electricity.
   It affects your resistance to hostile enchantments.
   It may slow you when you take damage.
   It makes you more stealthy.
Magical Staves
 b - an uncursed staff of wizardry
Jewellery
 g - the ring of Robustness (left hand) {AC+8}
   (You found it in a labyrinth)

   [ring of protection]

   It affects your AC (+8).
 k - an uncursed amulet of the acrobat
 u - a ring of protection from fire (right hand)
 y - an amulet of magic regeneration (around neck)
Wands
 i - a wand of digging (4)
 j - a wand of enslavement (18)
 l - a wand of scattershot (4)
 m - a wand of flame (100)
 s - a wand of paralysis (33)
 t - a wand of iceblast (4)
 z - a wand of random effects (50)
Scrolls
 c - 7 scrolls of teleportation {!r}
 d - 10 scrolls of remove curse {!r}
 e - 6 scrolls of fog {!r}
 f - 4 scrolls of blinking {!r}
 o - 6 scrolls of magic mapping {!r}
 q - 3 scrolls of fear {!r}
 w - 3 scrolls of enchant armour {!r}
 x - 4 scrolls of identify {!r}
 G - a scroll of amnesia {!r}
Miscellaneous
 F - a box of beasts


   Skills:
 - Level 3.3 Fighting
 - Level 4.5 Dodging
 - Level 1.5 Stealth
 - Level 10.3 Shields
 + Level 11.2 Spellcasting
 - Level 13.0 Necromancy
 - Level 8.0 Invocations


You had 7 spell levels left.
You knew the following spells:

 Your Spells              Type           Power        Failure   Level  Hunger
a - Pain                  Necr           ####         1%          1    N/A
b - Animate Dead          Necr           N/A          1%          4    N/A
c - Call Imp              Summ           ##......     19%         2    N/A
d - Vampiric Draining     Necr           ######....   1%          3    N/A
e - Mephitic Cloud        Conj/Pois/Air  ##......     34%         3    N/A
f - Summon Butterflies    Summ           ##......     12%         1    N/A
g - Deflect Missiles      Chrm/Air       ##........   100%        6    N/A
h - Apportation           Tloc           ##....       12%         1    N/A
s - Conjure Flame         Conj/Fire      ##......     34%         3    N/A
v - Blink                 Tloc           N/A          19%         2    N/A
z - Confusing Touch       Hex            ##....       12%         1    N/A

Dungeon Overview and Level Annotations

Branches:
Dungeon (14/15)            Temple (1/1) D:7            Lair (0/6) D:11
    Orc (2/2) D:12
    Elf: Orc:2       Vaults: D:13-14

Altars:
Ashenzari
Cheibriados
Dithmenos
Elyvilon
Fedhas
Gozag
Hepliaklqana
Kikubaaqudgha
Makhleb
Nemelex Xobeh
Okawaru
Qazlal
Ru
Sif Muna
Trog
Uskayaw
Vehumet
Wu Jian
Xom
Yredelemnul
Zin
The Shining One

Shops:
D:6 ?

Annotations:
D:13 Snorg


Innate Abilities, Weirdness & Mutations

You do not eat or drink.
Your flesh is vulnerable to fire.
You are immune to poison.
Your flesh is cold resistant. (rC+)
You are immune to negative energy. (rN+++)
You are immune to unholy pain and torment.
You can survive without breathing.
You are in touch with the powers of death.


Message History

Press: ? - help, Dir - move target cursor The fire ignites!
The orc warlord barely misses you.
Firing (i - inventory)
n - 201 stones (quivered)
Press: ? - help, Shift-Dir - straight line, f - orc warlord
Aim: an orc warlord, wielding a long sword of freezing, wearing a chain mail and wearing a shield (flame)
You shoot a stone. The stone hits the orc warlord.
The orc warlord is lightly wounded.
The orc warlord is engulfed in blazing flames.
The orc warlord hits you with a long sword of freezing!!
The orc warlord freezes you.
Firing (i - inventory)
n - 200 stones (quivered)
Press: ? - help, Shift-Dir - straight line, f/p - orc warlord
Aim: an orc warlord, wielding a long sword of freezing, wearing a chain mail and wearing a shield (flame, lightly wounded)
You shoot a stone. The orc warlord blocks the stone.
The orc warlord is engulfed in blazing flames.
The orc warlord hits you with a long sword of freezing.
Casting: Conjure Flame (safe; 34% risk of failure)
Confirm with . or Enter, or press ? or * to list all spells.
Aiming: Vampiric Draining (safe; 1% risk of failure)
Press: ? - help, Shift-Dir - straight line, f/p - orc warlord
Aim: an orc warlord, wielding a long sword of freezing, wearing a chain mail and wearing a shield (flame, moderately wounded)
You feel a surge of power!
The orc warlord is moderately wounded.
You feel life coursing into your body.
The orc warlord is engulfed in blazing flames.
The orc warlord hits you but does no damage.
Casting: Vampiric Draining (safe; 1% risk of failure)
Confirm with . or Enter, or press ? or * to list all spells.
Aiming: Vampiric Draining (safe; 1% risk of failure)
Press: ? - help, Shift-Dir - straight line, f/p - orc warlord
Aim: an orc warlord, wielding a long sword of freezing, wearing a chain mail and wearing a shield (flame, heavily wounded)
You feel a surge of power!
The orc warlord is heavily wounded.
You feel life coursing into your body.
The orc warlord is engulfed in blazing flames.
The orc warlord hits you with a long sword of freezing!!
The orc warlord freezes you.
* * * LOW HITPOINT WARNING * * *
Casting: Vampiric Draining (safe; 1% risk of failure)
Confirm with . or Enter, or press ? or * to list all spells.
Aiming: Vampiric Draining (safe; 1% risk of failure)
Press: ? - help, Shift-Dir - straight line, f/p - orc warlord
Aim: an orc warlord, wielding a long sword of freezing, wearing a chain mail and wearing a shield (flame, heavily wounded)
You feel a surge of power!
The orc warlord is severely wounded.
You feel life coursing into your body.
The orc warlord is engulfed in blazing flames.
The orc warlord hits you with a long sword of freezing!
* * * LOW HITPOINT WARNING * * *
You feel yourself slow down. The orc warlord freezes you.
* * * LOW HITPOINT WARNING * * *
Casting: Vampiric Draining (safe; 1% risk of failure)
Confirm with . or Enter, or press ? or * to list all spells.
Aiming: Vampiric Draining (safe; 1% risk of failure)
Press: ? - help, Shift-Dir - straight line, f/p - orc warlord
Aim: an orc warlord, wielding a long sword of freezing, wearing a chain mail and wearing a shield (flame, severely wounded)
You feel a surge of power!
The orc warlord is severely wounded.
You feel life coursing into your body.
The orc warlord is engulfed in blazing flames.
The orc warlord hits you with a long sword of freezing!!
* * * LOW HITPOINT WARNING * * *
The orc warlord freezes you!
You die...

##..≈≈≈≈..≈# ##.### ##.≈≈≈≈...#
###...## ###.≈≈≈≈..## #.#....#
#....≈≈≈...###.....##
##.........##........#
#.....##............####
....#.##......#.....##.##
....#####≈#####.........# ..###
######..@......## ### ###
####................##....##
.###...............#....##...##


You could see an orc warlord.

Vanquished Creatures
  A minotaur (Lab)
  Erolcha (D:10)
  4 two-headed ogres
  3 centaur warriors (D:13)
  The ghost of Amnesiac the Necromancer, a journeyman DENe of Sif Muna (D:10)
  Urug (D:12)
  Sonja (D:10)
  2 unseen horrors
  An ugly thing (D:11)
  2 orc sorcerers
  An orc knight (Orc:2)
  2 cyclopes
  A manticore (D:13)
  Joseph (D:10)
  A gargoyle (D:13)
  2 ice devils (Orc:1)
  8 trolls
  Prince Ribbit (D:6)
  3 hornets
  3 slime creatures (D:12)
  A hippogriff (D:12)
  Sigmund (D:4)
  17 yaks
  A water elemental (D:13)
  A hungry ghost (D:11)
  Edmund (D:6)
  8 wargs
  Grum (D:10)
  2 soldier ants
  A water moccasin (D:13)
  21 orc warriors
  4 sky beasts
  2 ice beasts (D:13)
  3 phantoms
  2 eyes of draining
  9 ogres
  A necrophage (D:12)
  11 centaurs
  3 wolves (D:10)
  A crocodile (D:12)
  3 wyvern zombies
  6 bullfrogs
  An earth elemental (Lab)
  10 killer bees
  2 vampire bats (Orc:1)
  5 wights (D:11)
  2 howler monkeys
  A centaur zombie (D:6)
  2 crimson imps
  2 quasits (D:6)
  5 jellies
  Crazy Yiuf (D:6)
  2 bullfrog skeletons
  4 hounds
  3 centaur skeletons
  18 orc priests
  Natasha (thrice) (D:3)
  An iguana (D:13)
  11 worker ants
  31 orc wizards
  A hound zombie (D:5)
  A hound skeleton (D:8)
  A howler monkey zombie (D:10)
  12 adders
  8 gnolls
  A howler monkey skeleton (D:10)
  2 oozes
  2 adder skeletons
  A worm (D:3)
  A dart slug (D:3)
  4 leopard geckos
  62 orcs
  5 giant cockroaches
  9 goblins
  3 hobgoblins
  10 jackals
  3 kobolds
  4 quokkas
  13 bats
  6 frilled lizards
  A jackal skeleton (D:4)
  2 leopard gecko zombies
  A quokka skeleton (D:6)
  17 rats
414 creatures vanquished.

Vanquished Creatures (others)
  3 fungi (Orc:2)
3 creatures vanquished.

Grand Total: 417 creatures vanquished

Notes
Turn   | Place    | Note
-------+----------+-------------------------------------------
     0 | D:1      | Amnesiac the Mummy Necromancer began the quest for the Orb.
     0 | D:1      | Reached XP level 1. HP: 13/13 MP: 4/4
   126 | D:1      | Reached XP level 2. HP: 20/20 MP: 2/5
   430 | D:1      | Reached skill level 1 in Fighting
   554 | D:1      | Reached XP level 3. HP: 26/26 MP: 5/7
   559 | D:1      | Learned a level 3 spell: Vampiric Draining
  1349 | D:3      | Found an iron altar of Okawaru.
  1470 | D:2      | Reached XP level 4. HP: 29/32 MP: 5/8
  1476 | D:2      | Learned a level 4 spell: Animate Dead
  1564 | D:2      | Found a sacrificial altar of Ru.
  1601 | D:2      | You fall through a shaft!
  1761 | D:3      | Noticed Natasha
  1766 | D:3      | Killed Natasha
  2237 | D:3      | Noticed Natasha
  2240 | D:3      | Killed Natasha
  2445 | D:3      | Reached XP level 5. HP: 37/38 MP: 10/10
  2501 | D:3      | Found a snail-covered altar of Cheibriados.
  2655 | D:3      | Found an iron altar of Okawaru.
  2697 | D:3      | Noticed Natasha
  2700 | D:3      | Killed Natasha
  2700 | D:3      | Reached skill level 5 in Necromancy
  3066 | D:3      | Found a snail-covered altar of Cheibriados.
  3413 | D:4      | Noticed Sigmund
  3422 | D:4      | Killed Sigmund
  3422 | D:4      | Reached XP level 6. HP: 32/46 MP: 4/12
  3859 | D:4      | Reached XP level 7. HP: 52/52 MP: 14/14
  4367 | D:5      | Entered Level 5 of the Dungeon
  4409 | D:5      | Reached skill level 5 in Spellcasting
  4542 | D:5      | Reached skill level 1 in Shields
  4613 | D:5      | Found a shadowy altar of Dithmenos.
  5152 | D:6      | Found a sacrificial altar of Ru.
  5224 | D:6      | Found Yjeicet's Magic Scroll Shop.
  5259 | D:6      | Noticed Edmund
  5271 | D:6      | Killed Edmund
  5453 | D:6      | Noticed Prince Ribbit
  5465 | D:6      | Found a burning altar of Makhleb.
  5469 | D:6      | Killed Prince Ribbit
  5469 | D:6      | Reached XP level 8. HP: 51/58 MP: 15/15
  5640 | D:6      | Found a radiant altar of Vehumet.
  5675 | D:6      | Reached skill level 5 in Shields
  5741 | D:6      | Found an ornate altar of the Wu Jian Council.
  5984 | D:6      | Found a glowing silver altar of Zin.
  6098 | D:6      | Found a runed door.
  6182 | D:6      | Found a blossoming altar of Fedhas.
  6309 | D:6      | Noticed Crazy Yiuf
  6312 | D:6      | Killed Crazy Yiuf
  6606 | D:7      | Found a staircase to the Ecumenical Temple.
  6615 | Temple   | Entered the Ecumenical Temple
  6661 | Temple   | Became a worshipper of Sif Muna the Loreminder
  6847 | D:7      | Reached XP level 9. HP: 30/64 MP: 1/17
  6866 | D:7      | Got a scorched hunting sling
  7005 | D:7      | Found an opulent altar of Gozag.
  7012 | D:7      | Reached * piety under Sif Muna
  7012 | D:7      | Reached skill level 6 in Necromancy
  7346 | D:8      | Identified the +1 hunting sling of Starshine {velocity, Stlth+} (You found it on level 7 of the Dungeon)
  7388 | D:8      | Found a sparkling altar of Nemelex Xobeh.
  7417 | D:8      | Reached skill level 7 in Necromancy
  7682 | D:8      | Reached ** piety under Sif Muna
  7790 | D:8      | Noticed a two-headed ogre
  7799 | D:8      | Killed a two-headed ogre
  7799 | D:8      | Reached skill level 8 in Necromancy
  8370 | D:9      | Found a stormy altar of Qazlal.
  8532 | D:9      | Found a sacrificial altar of Ru.
  8538 | D:9      | Reached skill level 9 in Necromancy
  8545 | D:9      | Reached XP level 10. HP: 70/70 MP: 16/22
  8725 | D:9      | Found a glowing golden altar of the Shining One.
  8945 | D:10     | Entered Level 10 of the Dungeon
  8960 | D:10     | Noticed Grum
  8974 | D:9      | Reached *** piety under Sif Muna
  9177 | D:10     | Noticed Amnesiac's ghost (journeyman DENe)
  9221 | D:10     | Killed Amnesiac's ghost
  9221 | D:10     | Reached skill level 10 in Necromancy
  9659 | D:10     | Noticed Snorg
  9733 | D:11     | Learned a level 2 spell: Blink
  9737 | D:11     | Learned a level 3 spell: Conjure Flame
  9741 | D:11     | Learned a level 3 spell: Mephitic Cloud
  9744 | D:11     | Learned a level 2 spell: Call Imp
  9843 | D:10     | Noticed Erolcha
  9855 | D:10     | Killed Erolcha
  9855 | D:10     | Reached **** piety under Sif Muna
  9855 | D:10     | Reached skill level 11 in Necromancy
  9914 | D:10     | Noticed Joseph
  9923 | D:10     | Killed Joseph
  9923 | D:10     | Reached skill level 10 in Spellcasting
 10172 | D:10     | Noticed Sonja
 10177 | D:10     | Killed Sonja
 10423 | D:10     | Killed Grum
 10423 | D:10     | Reached XP level 11. HP: 53/75 MP: 21/25
 10685 | D:11     | Found a staircase to the Lair.
 10809 | D:11     | Reached ***** piety under Sif Muna
 10809 | D:11     | Reached skill level 12 in Necromancy
 10869 | D:11     | Noticed a purple ugly thing
 10883 | D:11     | Killed a purple ugly thing
 10923 | D:11     | Identified Sif Muna's Tome of Creative Confrontation (Sif Muna gifted it to you on level 11 of the Dungeon)
 10923 | D:11     | Received a gift from Sif Muna
 10960 | D:11     | Got a heavily runed helmet
 11163 | D:11     | Identified the +1 helmet of Xudyd {*Slow rElec MR++ Stlth+} (You found it on level 11 of the Dungeon)
 11403 | D:11     | Reached skill level 1 in Invocations
 11506 | D:11     | Killed an unseen horror
 11634 | D:11     | Noticed a two-headed ogre
 11640 | D:11     | Killed a two-headed ogre
 11683 | D:12     | Found a labyrinth entrance.
 11707 | Lab      | Entered a labyrinth
 11886 | Lab      | Found the ring of Robustness {AC+8}
 12076 | Lab      | Noticed a minotaur
 12089 | Lab      | Killed a minotaur
 12162 | D:12     | Noticed Urug
 12181 | D:12     | Killed Urug
 12225 | D:12     | Reached skill level 5 in Invocations
 12363 | D:12     | Noticed a two-headed ogre
 12371 | D:12     | Killed a two-headed ogre
 12371 | D:12     | Reached XP level 12. HP: 75/81 MP: 27/27
 12411 | D:12     | Learned a level 1 spell: Summon Butterflies
 12419 | D:12     | Learned a level 6 spell: Deflect Missiles
 12576 | D:12     | Learned a level 1 spell: Apportation
 12578 | D:12     | Learned a level 1 spell: Confusing Touch
 12578 | D:12     | Found a staircase to the Orcish Mines.
 12746 | D:12     | Found a glowing golden altar of the Shining One.
 13089 | D:13     | Noticed a centaur warrior
 13106 | D:13     | Killed a centaur warrior
 13114 | D:13     | Noticed a centaur warrior
 13125 | D:13     | Killed a centaur warrior
 13373 | D:13     | Noticed a two-headed ogre
 13379 | D:13     | Killed a two-headed ogre
 13612 | D:13     | Noticed a centaur warrior
 13640 | D:13     | Killed a centaur warrior
 13643 | D:13     | Reached skill level 10 in Shields
 13989 | Orc:1    | Entered Level 1 of the Orcish Mines
 14401 | Orc:1    | Gained mutation: You are in touch with the powers of death. [Mummy growth]
 14401 | Orc:1    | Reached XP level 13. HP: 81/86 MP: 28/28
 14801 | Orc:2    | Entered Level 2 of the Orcish Mines
 14833 | Orc:2    | Noticed an orc warlord
 15069 | Orc:2    | Reached skill level 13 in Necromancy
 15611 | Orc:1    | Slain by an orc warlord

Vault maps used:
D:1:      erik_arrival_orb_chamber, minmay_misc_feat_encased
D:2:      nicolae_ru_awakened_eye
D:3:      lemuel_crystal_altar, okawaru_ov_weapons_minmay, uniq_natasha
D:4:      first_ration, uniq_sigmund
D:5:      nicolae_dithmenos_the_darkroom
D:6:      nicolae_overflow_quartered_altars, basic_altar, serial_shops,
          nicolae_shop_competitors_out_of_business, minmay_ruined_shrine,
          uniq_prince_ribbit1, uniq_edmund, uniq_crazy_yiuf_cottage
D:7:      grunt_gozag_breadcrumbs, minmay_temple_entry_junction
D:8:      nemelex_xobeh_ov_fountains_minmay
D:9:      lemuel_doored_altar, nicolae_overflow_crystal_walls,
          old_standard_altar
D:10:     uniq_joseph, uniq_sonja, uniq_grum, uniq_erolcha, uniq_snorg
D:11:     lair_entry_dummy, grunt_ogre_cave, kennysheep_another_room
D:12:     david_orc_3, basic_altar, lab_entry_generic, uniq_urug
D:13:     nooodl_orcs_dogs
D:14:     lightli_vaults_fourway_checkpoint, eino_curves_03
Temple:   cyrus_temple_forest
Orc:1:    portal_ice_cave_demonic_guard, roderic_batcave,
          nicolae_orc_pool_cavern
Orc:2:    grunt_orc_gardens, grunt_orc_garden, grunt_orc_garden,
          grunt_orc_garden, grunt_orc_garden, basic_altar, serial_shops,
          nicolae_shop_stone
Lab:      nicolae_lab_diamond, nicolae_lab_checkerboard,
          nicolae_lab_flowing_pool, nicolae_lab_hexagon, labyrinth_fake_exit,
          nicolae_lab_swirl

Skill      XL: |  1  2  3  4  5  6  7  8  9 10 11 12 13 |
---------------+----------------------------------------+-----
Dodging        | 2 3 4 |  4.5
Spellcasting   | 3 4 5 8 10 11 | 11.2
Fighting       | 1 2 3 |  3.3
Necromancy     | 5 9 11 12 13 | 13.0
Shields        | 4 6 7 10 | 10.3
Invocations    | 5 8 |  8.0
Stealth        | |  1.5

Action                   |  1- 3 |  4- 6 |  7- 9 | 10-12 | 13-15 || total
-------------------------+-------+-------+-------+-------+-------++-------
Melee: Unarmed           |    45 |       |       |       |       ||    45
       Staff             |     6 |       |       |     4 |       ||    10
       Hunting sling     |       |       |     4 |     1 |     2 ||     7
 Fire: Hunting sling     |       |    94 |   313 |   800 |   123 ||  1330
 Cast: Pain              |    72 |    27 |       |     1 |       ||   100
       Vampiric Draining |       |     6 |    29 |    91 |    20 ||   146
       Mephitic Cloud    |       |       |       |     3 |       ||     3
       Conjure Flame     |       |       |       |     2 |     1 ||     3
Invok: Divine Energy     |       |       |     1 |       |       ||     1
Evoke: Wand              |       |       |     2 |     6 |     1 ||     9
       Box of beasts     |       |       |       |     1 |       ||     1
  Use: Scroll            |       |     9 |     5 |     5 |     1 ||    20
Armor: Robe              |     8 |       |       |       |     9 ||    17
       Ring mail         |     2 |    21 |    63 |    66 |       ||   152
       Troll leather arm |       |       |       |   189 |    32 ||   221
Dodge: Dodged            |    56 |    29 |   101 |   302 |    58 ||   546
Block: Shield            |       |       |       |   170 |    79 ||   249

Table legend:
 A = Spawn XP
 B = Non-spawn XP
 C = Spawn XP percentage of total XP
 D = Spawn monster count
 E = Non-spawn monster count
 F = Spawn count percentage of total count
 G = Total turns spent on level
                    A         B        C        D         E        F      G
               +---------+---------+-------+---------+---------+-------+---------
         Total |       0 |   41920 |   0.0 |       0 |     414 |   0.0 | 15611
               +---------+---------+-------+---------+---------+-------+---------
           D:1 |       0 |      57 |   0.0 |       0 |      36 |   0.0 |  1220
           D:2 |       0 |      34 |   0.0 |       0 |      13 |   0.0 |   715
           D:3 |       0 |     162 |   0.0 |       0 |      18 |   0.0 |  1367
           D:4 |       0 |     560 |   0.0 |       0 |      29 |   0.0 |  1127
           D:5 |       0 |     310 |   0.0 |       0 |      16 |   0.0 |   658
           D:6 |       0 |    1042 |   0.0 |       0 |      25 |   0.0 |  1327
           D:7 |       0 |     985 |   0.0 |       0 |      21 |   0.0 |   767
           D:8 |       0 |    2130 |   0.0 |       0 |      29 |   0.0 |  1040
           D:9 |       0 |     566 |   0.0 |       0 |      12 |   0.0 |   669
          D:10 |       0 |    5328 |   0.0 |       0 |      33 |   0.0 |  1595
          D:11 |       0 |    6111 |   0.0 |       0 |      33 |   0.0 |  1110
          D:12 |       0 |    7053 |   0.0 |       0 |      42 |   0.0 |  1207
          D:13 |       0 |   10267 |   0.0 |       0 |      55 |   0.0 |  1071
         Orc:1 |       0 |    3689 |   0.0 |       0 |      38 |   0.0 |  1131
         Orc:2 |       0 |    2295 |   0.0 |       0 |      11 |   0.0 |   122
           Lab |       0 |    1331 |   0.0 |       0 |       3 |   0.0 |   395
               +---------+---------+-------+---------+---------+-------+---------
